AoeStats
← The Crusader

Nomad

506420750Analyzed
4v4 RM · 19d ago on Sep 13, 2026· 44m 36s· 8 players
Game mode
Random Map
Map size
231×231
Population
200
Speed
Normal
Resources
Standard
Victory
Conquest
Starting age
Dark Age
Ending age
Imperial Age
RankedLock teamsTeams togetherTeam positionsShared explorationLock speedFull tech treeHidden civsTurbo modeCheats
Victory
Defeat
🇹🇼 Hindustanis · Taiwan
1740
+14
🇭🇰 Dravidians · Hong Kong SAR China
1641
+18
🇺🇸 Persians · United States
1519
+23
🇺🇸 Italians · United States
1519
+23
🇧🇪 Malians · Belgium
1741
-22
🇭🇰 Bengalis · Hong Kong SAR China
1726
-21
🇹🇷 Sicilians · Türkiye
1721
-21
🇯🇵 Vietnamese · Japan
1550
-14
Apep
5:05 Loom
14:37 Feudal Age
18:12 Castle Age
16:20 Double-Bit Axe
16:36 Fishing Lines
19:22 Bow Saw
20:12 Medium Warships
20:42 Forging
21:55 Wheelbarrow
22:59 Horse Collar
27:37 Pikeman
28:59 Squires
36:50 Imperial Age
34:38 Bloodlines
35:02 Scale Barding Armor
35:00 Husbandry
35:41 Fletching
36:07 Padded Archer Armor
36:05 Elite Skirmisher
37:13 Hand Cart
36:48 Town Watch
36:59 Bodkin Arrow
37:03 Cavalier
37:04 Imperial Skirmisher
38:14 Ballistics
38:40 Conscription
39:00 Bracer
39:44 Chain Barding Armor
39:49 Hauberk
40:19 Siphons
41:24 Chemistry
42:30 Leather Archer Armor
42:55 Plate Barding Armor
43:16 Iron Casting
Chaos
11:08 Loom
13:13 Feudal Age
18:01 Castle Age
18:53 Fletching
40:27 Wheelbarrow
43:46 Town Watch
YMK414
5:07 Loom
13:11 Feudal Age
17:38 Castle Age
15:58 Double-Bit Axe
16:40 Gold Mining
18:46 Medium Warships
21:38 Bow Saw
21:59 Horse Collar
28:23 Wheelbarrow
36:00 Imperial Age
34:01 Town Watch
35:00 Gold Shaft Mining
35:50 Hand Cart
35:59 Stone Mining
36:26 Fletching
37:46 Bodkin Arrow
37:47 Elite Elephant Archer
39:09 Bracer
40:03 Padded Archer Armor
39:53 Elite Skirmisher
42:06 Chemistry
41:30 Ballistics
41:44 Conscription
42:42 Two-Man Saw
42:26 Leather Archer Armor
43:42 Ring Archer Armor
42:51 Imperial Skirmisher
kome
13:07 Feudal Age
14:11 Loom
17:09 Castle Age
17:23 Double-Bit Axe
18:18 Fletching
19:18 Bodkin Arrow
30:04 Horse Collar
34:24 Wheelbarrow
34:22 Bow Saw
36:01 Heavy Plow
42:09 Imperial Age
39:33 Gold Mining
40:22 Padded Archer Armor
40:19 Stone Mining
41:52 Hand Cart
42:20 Scale Mail Armor
42:30 Forging
43:12 Bracer
43:28 Chain Mail Armor
43:36 Squires
The Crusader
4:54 Loom
12:55 Feudal Age
13:31 Double-Bit Axe
16:39 Fletching
22:31 Castle Age
21:29 Horse Collar
22:58 Gold Mining
23:35 Medium Warships
24:08 Bow Saw
26:18 Guard Tower
37:44 Fishing Lines
38:40 Wheelbarrow
39:14 Masonry
39:06 Heavy Plow
45:06 Imperial Age
43:08 Town Watch
44:01 Bodkin Arrow
thegoodjunk
6:33 Loom
12:22 Feudal Age
13:07 Man-at-Arms
30:20 Castle Age
29:29 Scale Barding Armor
36:00 Chain Barding Armor
36:01 Horse Collar
36:37 Husbandry
39:58 Forging
44:14 Wheelbarrow
44:00 Double-Bit Axe
47:38 Imperial Age
tokey354
4:38 Loom
13:31 Feudal Age
17:06 Castle Age
14:58 Double-Bit Axe
25:44 Horse Collar
26:40 Wheelbarrow
29:55 Wheelbarrow
29:44 Bow Saw
32:03 Gold Mining
36:15 Imperial Age
34:14 Fletching
34:26 Stone Mining
35:12 Gold Shaft Mining
34:59 Scale Barding Armor
35:49 Forging
36:22 Chain Barding Armor
36:14 Bloodlines
37:08 Iron Casting
37:00 Hand Cart
36:52 Husbandry
37:25 Light Cavalry
39:16 Plate Barding Armor
40:02 Blast Furnace
39:13 Heavy Camel Rider
42:26 Imperial Camel Rider
[hkbb] ra
4:45 Loom
14:26 Feudal Age
15:19 Double-Bit Axe
15:25 Gold Mining
18:07 Castle Age
16:13 Fishing Lines
18:59 Medium Warships
19:03 Bow Saw
22:43 Wheelbarrow
22:04 Stone Mining
22:22 Demolition Ship
25:30 Gillnets
25:45 Horse Collar
27:09 Heavy Plow
32:26 Imperial Age
30:18 Fletching
30:48 Padded Archer Armor
31:53 Bodkin Arrow
32:29 Leather Archer Armor
33:42 Ballistics
35:23 Bracer
36:24 Two-Man Saw
36:37 Chemistry
35:59 Thumb Ring
36:25 Hand Cart
38:00 Conscription
38:08 Town Watch
38:57 Ring Archer Armor
39:19 Elite Elephant Archer
40:57 Medical Corps
41:35 Siege Elephant
42:23 Scale Barding Armor
43:42 Chain Barding Armor
44:23 Forging
44:34 Wootz Steel
44:47 Coinage
45:50 Iron Casting
Connection lost

Rejoining the realm…

Still unreachable

The connection could not be restored.

Session expired

The server has moved on; the page needs a fresh start.